cohdb
Replays
Latest Replays
All Replays
Popular Replays
Top Player Replays
Match Explorer
How It Works
Community
CoH3 Stats
Reddit
Sign in to upload your games and track your stats! →
Sign in with Steam
Big noob game down to the wire, sweaty.
Match 31736389
Overview
Messages
Build Orders
End
Construct Weapon Support Center
Selects Airborne Battlegroup
Selects Pathfinders
M1919 Machine Gun Team
M1919 Machine Gun Team
Bazooka Squad
Mechanized Support Center
Improved M9 Bazooka Rockets
Selects Paratrooper Squad Paradrop
Paratrooper Squad Paradrop
Construct Medical Station
Bazooka Squad
Bazooka Squad
Selects Recon Loiter
M1919 Machine Gun Team
Selects Supply Drop
Construct Tank Depot
Engineer Squad
Supply Drop
M4A1 Sherman Medium Tank
Supply Drop
Rearm and Retrofit
Recon Loiter
Supply Drop
Selects Carpet Bombing Run
Paratrooper Squad Paradrop
Carpet Bombing Run
M4A1 Sherman Medium Tank
Improvised Armor
Selects Anti-tank Gun Team Paradrop
Supply Drop
Rapid Repairs
Paratrooper Squad Paradrop
Carpet Bombing Run
Supply Drop
Recon Loiter
Carpet Bombing Run
M4A1 Sherman Medium Tank
Supply Drop
Recon Loiter
Carpet Bombing Run
M4A1 Sherman Medium Tank
Supply Drop
Carpet Bombing Run
Anti-tank Gun Team Paradrop
Engineer Squad
Supply Drop
Carpet Bombing Run
Anti-tank Gun Team Paradrop
M4A1 76mm Conversion
M4A1(76) Sherman Medium Tank
Supply Drop
Recon Loiter
Paratrooper Squad Paradrop
Recon Loiter
Supply Drop
jknight
anthrod
coledj0408
COH3NOOB
0
0
Comments
sign in to comment!
No comments posted yet!